 Dungeon Sprint DCSS version 0.22-a0-825-ga28c36f (webtiles) character file.

98 Kidiri the Sneak (level 4, -7/34 HPs)
             Began as a Spriggan Enchanter on July 24, 2018.
             Shot with an arrow by a centaur (9 damage)
             ... in the Dungeon (Sprint IX: "|||||||||||||||||||||||||||||").
             The game lasted 00:00:56 (266 turns).

Kidiri the Sneak (Spriggan Enchanter)                Turns: 266, Time: 00:00:57

Health: -7/34      AC:  2    Str:  9    XL:     4   Next: 43%
Magic:  7/11       EV: 22    Int: 16    God:
Gold:   0          SH:  0    Dex: 17    Spells: 10/11 levels left

rFire    . . .     SeeInvis +   a - +1 dagger
rCold    . . .     Gourm    .   (shield restricted)
rNeg     . . .     Faith    .   b - +0 robe
rPois    .         Spirit   .   (helmet restricted)
rElec    .         Reflect  .   (no cloak)
rCorr    .         Harm     .   (gloves unavailable)
MR       .....     NoTele   +   (boots unavailable)
Stlth    ..........             (no amulet)
HPRegen  0.11/turn              (no ring)
MPRegen  0.12/turn              (no ring)

@: berserking, very quick
A: very small, unfitting armour, see invisible, herbivore, speed 3, slow
metabolism 2
a: no special abilities


You were in the Dungeon.
You were not hungry.

You visited 1 branch

Inventory:

Hand Weapons
 a - a +1 dagger (weapon)
Armour
 b - a +0 robe (worn)
Scrolls
 j - a scroll of blinking
Potions
 f - a potion of heal wounds
 g - a potion of haste
 h - 2 potions of magic
Comestibles
 d - a ration


   Skills:
 + Level 2.0 Fighting
 * Level 4.3 Short Blades
 + Level 1.8 Armour
 * Level 6.3 Dodging
 * Level 7.5 Stealth
 + Level 4.2 Spellcasting
 + Level 4.9 Hexes


You had 10 spell levels left.
You knew the following spells:

 Your Spells              Type           Power        Failure   Level  Hunger
a - Corona                Hex            ###....      2%          1    None

Your spell library contained the following spells:

 Spells                   Type           Power        Failure   Level  Hunger
 Confuse                  Hex            ###.....     7%          3    ###....
 Tukima's Dance           Hex            ###.....     7%          3    ###....
 Ensorcelled Hibernation  Hex/Ice        ##....       9%          2    ##.....
 Dazzling Spray           Conj/Hex       ##....       19%         3    ###....


Dungeon Overview and Level Annotations

Branches:
Dungeon (1/1)

Altars:


Innate Abilities, Weirdness & Mutations

You are very small and have problems with some larger weapons.
You are too small for most types of armour.
You have supernaturally acute eyesight. (SInv)
You are a herbivore.
You cover ground extremely quickly.
You need to consume almost no food.


Message History

Your Fighting skill increases to level 1!
Your Short Blades skill gained 2 levels and is now at level 4!
Your Armour skill increases to level 1!
Your Dodging skill gained 2 levels and is now at level 6!
Your Stealth skill gained 2 levels and is now at level 7!
Your Spellcasting skill increases to level 4!
Your Hexes skill increases to level 4!
You have reached level 3!
Your experience leads to an increase in your attributes!
Your base attributes are Str 4, Int 16, Dex 16.
Increase (S)trength, (I)ntelligence, or (D)exterity?
You feel agile.
You have reached level 4!
You hit the dart slug.
The dart slug is moderately wounded.
You puncture the dart slug!
You kill the dart slug!
Your Fighting skill increases to level 2!
The centaur wields a shortbow.
The centaur shoots an arrow.
The arrow hits you!
You die... ▓▓▓▓▓▓▓▓▓▓▓▓▓▓▓▓▓▓ +....Zc)@...)...<▓ ▓▓▓▓▓▓▓▓▓▓▓▓▓▓▓▓▓▓

You could see a centaur and an adder zombie.

Vanquished Creatures
  An ogre (D)
  An adder zombie (D)
  A dart slug (D)
  2 bats (D)
  A goblin (D)
  A hobgoblin (D)
  A kobold (D)
8 creatures vanquished.

Notes
Turn   | Place    | Note
-------+----------+-------------------------------------------
     0 | D        | Kidiri the Spriggan Enchanter began the quest for the Orb.
     0 | D        | Reached XP level 1. HP: 9/9 MP: 5/5
    45 | D        | Reached skill level 5 in Stealth
   244 | D        | Noticed a centaur
   244 | D        | Noticed an ogre
   258 | D        | Reached XP level 2. HP: 7/14 MP: 7/7
   263 | D        | HP: 1/21 [ogre/giant club (9)]
   264 | D        | Killed an ogre
   264 | D        | Reached skill level 1 in Fighting
   264 | D        | Reached skill level 1 in Armour
   264 | D        | Reached skill level 7 in Stealth
   264 | D        | Reached XP level 3. HP: 1/18 MP: 6/9
   264 | D        | Reached XP level 4. HP: 2/23 MP: 7/11
   266 | D        | Shot with an arrow by a centaur

Vault maps used:
D:        linesprint

Skill      XL: |  1  2  3  4 |
---------------+-------------+-----
Short Blades   | 2 4 |  4.3
Stealth        | 5 7 |  7.5
Spellcasting   | 3 4 |  4.2
Dodging        | 4 6 |  6.3
Fighting       | 1 2 |  2.0
Armour         | 1 |  1.8
Hexes          | 4 |  4.9

Action                   |  1- 3 |  4- 6 || total
-------------------------+-------+-------++-------
Melee: Dagger            |    55 |     2 ||    57
 Cast: Corona            |     8 |       ||     8
  Use: Potion            |     2 |       ||     2
Armor: Robe              |    11 |       ||    11
Dodge: Dodged            |    50 |       ||    50

Table legend:
 A = Spawn XP
 B = Non-spawn XP
 C = Spawn XP percentage of total XP
 D = Spawn monster count
 E = Non-spawn monster count
 F = Spawn count percentage of total count
 G = Total turns spent on level
                    A         B        C        D         E        F      G
               +---------+---------+-------+---------+---------+-------+---------
         Total |       0 |     140 |   0.0 |       0 |       8 |   0.0 |   266
               +---------+---------+-------+---------+---------+-------+---------
             D |       0 |     140 |   0.0 |       0 |       8 |   0.0 |   266
               +---------+---------+-------+---------+---------+-------+---------
